Canucks vs Avalanche
Created - March 2, 2018 at 19:14
Goals
|
Canucks |
2 |
0 |
2 |
4 |
Avalanche |
1 |
0 |
2 |
3 |
|
Shots
|
Canucks |
10 |
8 |
14 |
32 |
Avalanche |
11 |
11 |
19 |
41 |
|
1st period
1. Canucks , Mike Ribeiro 22 (Clarke MacArthur 26) at 0:12
2. Canucks , Mike Ribeiro 23 (Clarke MacArthur 27, Brad Boyes 34) at 2:17
3. Avalanche , Alexander Radulov 12 (Chris Drury 19, Andrew Ladd 12) at 12:26
Penalties :
Andrei Kostitsyn (Col) for Tripping (Minor) at 3:35, Jiri Hudler (Van) for Hooking (Minor) at 12:53
2nd period
No Goal
Penalties :
Chris Drury (Col) for High sticking (Minor) at 5:13
3rd period
4. Avalanche , Andrei Kostitsyn 27 (Paul Stastny 25, Jay Bouwmeester 20) at 10:55
5. Canucks , Brad Boyes 38 (Mike Ribeiro 45) at 14:35
6. Canucks , Brad Boyes 39 (Alex Goligoski 38, Clarke MacArthur 28) at 19:16 (Empty Net)
7. Avalanche , Andrew Ladd 9 (Jack Johnson 32, Marc Staal 20) at 19:33
Penalties :
Alex Goligoski (Van) for Tripping (Minor) at 11:18
Goalie Stats
Michal Neuvirth (Van), 38 saves from 41 shots - (0.927), W, 36-9-3, 60:00 minutes
Hannu Toivonen (Col), 28 saves from 31 shots - (0.903), L, 0-2-0, 59:27 minutes
Players Stats for Canucks
Player Name G A P +/- PIM S H SB GA TA FO MP PP MP PK MP
------------------------------------------------------------------------------------
Alex Goligoski 0 1 1 1 2 3 1 0 1 0 0/0 18:30 2:51 0:00
Ben Lovejoy 0 0 0 0 0 1 1 3 1 0 0/0 27:42 1:37 2:01
Brad Boyes 2 1 3 3 0 7 0 1 2 0 1/1 24:35 2:08 2:21
Chris Higgins 0 0 0 -1 0 0 2 0 1 1 1/1 15:52 1:46 0:36
Clarke MacArthur 0 3 3 3 0 3 2 0 1 2 0/3 23:41 2:08 1:27
Danny DeKeiser 0 0 0 0 0 1 0 2 0 1 0/0 15:37 1:07 1:57
Darren Helm 0 0 0 -1 0 0 0 0 0 0 1/1 7:47 0:00 0:10
Jamie McBain 0 0 0 0 0 0 0 2 0 1 0/0 28:39 2:21 2:01
Jiri Hudler 0 0 0 -1 2 0 1 1 0 0 0/1 15:15 1:46 0:00
Lasse Kukkonen 0 0 0 1 0 1 0 2 0 0 0/0 15:57 0:00 0:00
Martins Karsums 0 0 0 0 0 2 0 0 0 0 0/1 11:00 0:04 0:00
Matt Stajan 0 0 0 -1 0 3 0 0 1 0 3/9 13:58 0:04 0:00
Maxim Lapierre 0 0 0 0 0 2 0 0 0 0 2/3 10:26 0:00 0:00
Mike Ribeiro 2 1 3 3 0 5 1 0 0 0 18/38 24:35 2:08 2:21
Nik Antropov 0 0 0 -1 0 2 4 0 0 0 1/5 10:20 1:46 1:01
Ryan Hollweg 0 0 0 0 0 0 1 0 0 0 0/0 11:00 0:04 0:00
Sami Lepisto 0 0 0 0 0 0 3 1 0 1 0/0 13:34 0:00 1:57
Stefan Ruzicka 0 0 0 -1 0 2 1 0 0 0 0/0 7:32 0:00 0:00
Players Stats for Avalanche
Player Name G A P +/- PIM S H SB GA TA FO MP PP MP PK MP
------------------------------------------------------------------------------------
Alexander Radulov 1 0 1 0 0 3 1 0 1 0 0/1 15:11 1:40 1:13
Andrei Kostitsyn 1 0 1 1 2 1 3 0 0 2 0/0 17:14 1:37 0:18
Andrew Ladd 1 1 2 0 0 4 3 0 1 0 1/2 14:40 0:06 1:55
Brandon Yip 0 0 0 1 0 5 1 0 0 0 0/0 15:09 0:00 0:00
Bryan Little 0 0 0 -2 0 6 4 0 2 0 18/34 18:15 2:18 0:00
Chris Drury 0 1 1 0 2 3 2 0 0 0 9/15 13:40 0:00 0:32
Chuck Kobasew 0 0 0 0 0 0 0 0 0 0 0/0 10:05 0:00 1:55
Corey Perry 0 0 0 -2 0 6 4 0 0 0 0/0 18:12 2:15 0:00
Jack Johnson 0 1 1 -3 0 1 0 0 0 1 0/0 23:37 2:34 1:53
Jay Bouwmeester 0 1 1 1 0 2 0 1 0 0 0/0 21:48 2:34 0:00
Johnny Boychuk 0 0 0 1 0 1 1 1 0 0 0/0 14:26 0:00 1:53
Kyle Turris 0 0 0 0 0 0 1 0 0 0 0/1 8:26 0:00 0:18
Marc Staal 0 1 1 -3 0 1 3 1 0 3 0/0 23:46 1:24 2:05
Mark Giordano 0 0 0 1 0 0 1 1 0 0 0/0 12:57 0:00 0:00
Mikkel Boedker 0 0 0 -2 0 5 1 0 0 0 1/1 18:29 2:18 0:14
Paul Stastny 0 1 1 1 0 1 2 0 2 0 7/9 16:27 1:37 0:00
Pernell Karl Subban 0 0 0 1 0 1 1 1 0 1 0/0 23:26 1:24 2:05
Ryan Smyth 0 0 0 0 0 1 0 0 0 0 0/0 10:12 0:03 1:31
3 Stars
1 - Mike Ribeiro (Van)
2 - Brad Boyes (Van)
3 - Clarke MacArthur (Van)
Power Play
Canucks - 0 on 2 Attempt(s) - 0.00%
Avalanche - 0 on 2 Attempt(s) - 0.00%
Penalty Kill
Canucks - 2 on 2 Attempt(s) - 100.00%
- Score 0 goal in Penalty Kill
Avalanche - 2 on 2 Attempt(s) - 100.00%
- Score 0 goal in Penalty Kill
Team Stat
Canucks - Hits : 17 - Faceoff Wins : 27 - Blocked Shots : 12 - Penalty Minutes : 4
Avalanche - Hits : 28 - Faceoff Wins : 36 - Blocked Shots : 5 - Penalty Minutes : 4
Official
Referees : Meier Brad and Hasenfratz Mike
Linesman : Lonnie Cameron and Andy McElman
Game Notes
Brad Boyes has scored in a empty net!
Finance
Level 1 -- Attendance: 5797 (96.62%) -- Ticket Income $515,933
Level 2 -- Attendance: 5000 (100.00%) -- Ticket Income $275,000
Level 3 -- Attendance: 1840 (92.00%) -- Ticket Income $60,720
Level 4 -- Attendance: 3597 (89.93%) -- Ticket Income $82,731
Luxury Box -- Attendance: 724 (72.40%) -- Ticket Income $124,528
Game was played at the Pepsi Center.
Total Attendance: 16958 (94.21%)
Total Ticket Income: $1,058,912
Other Income: $158,837
Total Income: $1,217,749
Canucks
5 vs 5 Forward
Center Left Wing Right Wing Time % Phy DF OF
1 Mike Ribeiro Clarke MacArthur Brad Boyes 60 0 0 5
2 Matt Stajan Chris Higgins Jiri Hudler 22 0 0 5
3 Maxim Lapierre Ryan Hollweg Martins Karsums 14 0 2 3
4 Nik Antropov Darren Helm Stefan Ruzicka 4 0 3 2
5 vs 5 Defense
Defense Defense Time % Phy DF OF
1 Jamie McBain Ben Lovejoy 62 0 0 5
2 Alex Goligoski Lasse Kukkonen 20 0 0 5
3 Danny DeKeiser Sami Lepisto 12 0 3 2
4 Jamie McBain Alex Goligoski 6 0 0 5
PowerPlay Forward
Center Left Wing Right Wing Time % Phy DF OF
1 Mike Ribeiro Clarke MacArthur Brad Boyes 80 0 0 5
2 Nik Antropov Chris Higgins Jiri Hudler 20 0 0 5
PowerPlay Defense
Defense Defense Time % Phy DF OF
1 Jamie McBain Alex Goligoski 80 0 0 5
2 Ben Lovejoy Jamie McBain 20 0 0 5
Penalty Kill 4 Players Forward
Center Wing Time % Phy DF OF
1 Mike Ribeiro Brad Boyes 60 1 2 2
2 Clarke MacArthur Nik Antropov 40 1 2 2
Penalty Kill 4 Players Defense
Defense Defense Time % Phy DF OF
1 Jamie McBain Ben Lovejoy 60 1 2 2
2 Sami Lepisto Danny DeKeiser 40 1 2 2
Penalty Kill - 3 Players Forward
Forward Time % Phy DF OF
1 Mike Ribeiro 60 1 2 2
2 Brad Boyes 40 1 2 2
Penalty Kill - 3 Players Defense
Defense Defense Time % Phy DF OF
1 Jamie McBain Ben Lovejoy 60 1 2 2
2 Jamie McBain Danny DeKeiser 40 1 2 2
4 vs 4 Forward
Center Wing Time % Phy DF OF
1 Mike Ribeiro Brad Boyes 60 0 0 5
2 Clarke MacArthur Nik Antropov 40 1 2 2
4 vs 4 Defense
Defense Defense Time % Phy DF OF
1 Jamie McBain Alex Goligoski 60 0 0 5
2 Jamie McBain Danny DeKeiser 40 1 2 2
Last Minutes Offensive
Center Left Wing Right Wing Defense Defense
Mike Ribeiro Clarke MacArthur Brad Boyes Danny DeKeiser Jamie McBain
Last Minutes Defensive
Center Left Wing Right Wing Defense Defense
Mike Ribeiro Clarke MacArthur Brad Boyes Jamie McBain Danny DeKeiser
Goaltenders
Starting : Michal Neuvirth
Backup : Karri Ramo
Extra Forwards
Normal : Matt Stajan, Ryan Hollweg, Clarke MacArthur - PP : Matt Stajan, Ryan Hollweg - PK : Chris Higgins
Extra Defensemen
Normal : Ben Lovejoy, Sami Lepisto, Jamie McBain - PP : Ben Lovejoy - PK : Sami Lepisto, Jamie McBain
Penalty Shots
Mike Ribeiro, Brad Boyes, Clarke MacArthur, Nik Antropov, Jiri Hudler
Scratches
Jordan LaVallee (Healthy), Noah Welch (Healthy)
Avalanche
5 vs 5 Forward
Center Left Wing Right Wing Time % Phy DF OF
1 Bryan Little Mikkel Boedker Corey Perry 30 1 2 2
2 Paul Stastny Andrei Kostitsyn Brandon Yip 30 1 2 2
3 Chris Drury Andrew Ladd Alexander Radulov 25 1 2 2
4 Kyle Turris Ryan Smyth Chuck Kobasew 15 1 2 2
5 vs 5 Defense
Defense Defense Time % Phy DF OF
1 Jack Johnson Marc Staal 40 1 2 2
2 Pernell Karl Subban Jay Bouwmeester 40 1 2 2
3 Mark Giordano Johnny Boychuk 20 1 2 2
4 Jack Johnson Marc Staal 0 1 2 2
PowerPlay Forward
Center Left Wing Right Wing Time % Phy DF OF
1 Bryan Little Mikkel Boedker Corey Perry 60 1 2 2
2 Paul Stastny Andrei Kostitsyn Alexander Radulov 40 1 2 2
PowerPlay Defense
Defense Defense Time % Phy DF OF
1 Jack Johnson Jay Bouwmeester 60 1 2 2
2 Pernell Karl Subban Marc Staal 40 1 2 2
Penalty Kill 4 Players Forward
Center Wing Time % Phy DF OF
1 Andrew Ladd Chuck Kobasew 60 1 2 2
2 Chris Drury Ryan Smyth 40 1 2 2
Penalty Kill 4 Players Defense
Defense Defense Time % Phy DF OF
1 Pernell Karl Subban Marc Staal 60 1 2 2
2 Jack Johnson Johnny Boychuk 40 1 2 2
Penalty Kill - 3 Players Forward
Forward Time % Phy DF OF
1 Chuck Kobasew 60 1 2 2
2 Ryan Smyth 40 1 2 2
Penalty Kill - 3 Players Defense
Defense Defense Time % Phy DF OF
1 Jack Johnson Marc Staal 60 1 2 2
2 Pernell Karl Subban Johnny Boychuk 40 1 2 2
4 vs 4 Forward
Center Wing Time % Phy DF OF
1 Bryan Little Corey Perry 60 1 2 2
2 Mikkel Boedker Andrei Kostitsyn 40 1 2 2
4 vs 4 Defense
Defense Defense Time % Phy DF OF
1 Jack Johnson Marc Staal 60 1 2 2
2 Pernell Karl Subban Jay Bouwmeester 40 1 2 2
Last Minutes Offensive
Center Left Wing Right Wing Defense Defense
Bryan Little Mikkel Boedker Corey Perry Jack Johnson Marc Staal
Last Minutes Defensive
Center Left Wing Right Wing Defense Defense
Brandon Yip Andrew Ladd Chuck Kobasew Jack Johnson Marc Staal
Goaltenders
Starting : Hannu Toivonen
Backup : Semyon Varlamov
Extra Forwards
Normal : Andrei Kostitsyn, Andrew Ladd, Alexander Radulov - PP : Paul Stastny, Andrew Ladd - PK : Alexander Radulov
Extra Defensemen
Normal : Mark Giordano, Johnny Boychuk, Pernell Karl Subban - PP : Mark Giordano - PK : Johnny Boychuk, Pernell Karl Subban
Penalty Shots
Bryan Little, Corey Perry, Mikkel Boedker, Andrei Kostitsyn, Paul Stastny
Scratches
Mike Comrie (Right Hip Injury)
% Time on Ice - Canucks
Lines # - Real PCT - Wanted PCT - Time Play
Normal Forward
1 - 39% - 60% - 19:45
2 - 26% - 22% - 13:25
3 - 20% - 14% - 10:26
4 - 15% - 4% - 7:32
Normal Defense
1 - 47% - 62% - 24:15
2 - 31% - 20% - 15:37
3 - 22% - 12% - 11:16
4 - 0% - 6% - 0:00
PP Forward
1 - 55% - 80% - 2:12
2 - 45% - 20% - 1:46
PP Defense
1 - 72% - 80% - 2:51
2 - 28% - 20% - 1:07
PK Forward
1 - 74% - 60% - 2:57
2 - 26% - 40% - 1:01
PK Defense
1 - 51% - 60% - 2:01
2 - 49% - 40% - 1:57
PK3 Forward
1 - 0% - 60%
2 - 0% - 40%
PK3 Defense
1 - 0% - 60%
2 - 0% - 40%
44 Forward
1 - 0% - 60%
2 - 0% - 40%
44 Defense
1 - 0% - 60%
2 - 0% - 40%
Last Minute Offensive - 0:00
Last Minute Defensive - 0:56
Total
Forward - 60:00
Defense - 60:00
|
% Time on Ice - Avalanche
Lines # - Real PCT - Wanted PCT - Time Play
Normal Forward
1 - 29% - 30% - 15:02
2 - 30% - 30% - 15:20
3 - 25% - 25% - 12:37
4 - 16% - 15% - 8:08
Normal Defense
1 - 37% - 40% - 18:41
2 - 39% - 40% - 19:55
3 - 24% - 20% - 12:31
4 - 0% - 0% - 0:00
PP Forward
1 - 59% - 60% - 2:21
2 - 41% - 40% - 1:37
PP Defense
1 - 65% - 60% - 2:34
2 - 35% - 40% - 1:24
PK Forward
1 - 70% - 60% - 2:46
2 - 30% - 40% - 1:12
PK Defense
1 - 53% - 60% - 2:05
2 - 47% - 40% - 1:53
PK3 Forward
1 - 0% - 60%
2 - 0% - 40%
PK3 Defense
1 - 0% - 60%
2 - 0% - 40%
44 Forward
1 - 0% - 60%
2 - 0% - 40%
44 Defense
1 - 0% - 60%
2 - 0% - 40%
Last Minute Offensive - 0:57
Last Minute Defensive - 0:00
Total
Forward - 60:00
Defense - 60:00
|
Play by Play
1st period
0:01 of 1st period - Mike Ribeiro wins face-off versus Bryan Little in neutral zone.
0:12 of 1st period - Snap shot by Mike Ribeiro.
0:12 of 1st period - Goal by Mike Ribeiro - Canucks : 1 - Avalanche : 0.
0:13 of 1st period - Paul Stastny wins face-off versus Matt Stajan in neutral zone.
0:18 of 1st period - Slapshot by Andrei Kostitsyn.
0:18 of 1st period - Shot Blocked by Lasse Kukkonen.
0:49 of 1st period - Mike Ribeiro is hit by Alexander Radulov and loses puck.
2:15 of 1st period - Snap shot by Clarke MacArthur.
2:15 of 1st period - Shot Misses the Net.
2:17 of 1st period - Wrist shot by Mike Ribeiro.
2:17 of 1st period - Goal by Mike Ribeiro - Canucks : 2 - Avalanche : 0.
2:18 of 1st period - Bryan Little wins face-off versus Mike Ribeiro in neutral zone.
2:21 of 1st period - Slapshot by Corey Perry.
2:21 of 1st period - Stopped by Michal Neuvirth without a rebound.
2:22 of 1st period - Bryan Little wins face-off versus Mike Ribeiro in Canucks zone.
2:32 of 1st period - Icing by Clarke MacArthur.
2:33 of 1st period - Paul Stastny wins face-off versus Mike Ribeiro in Canucks zone.
2:40 of 1st period - Slapshot by Brandon Yip.
2:40 of 1st period - Stopped by Michal Neuvirth without a rebound.
2:41 of 1st period - Mike Ribeiro wins face-off versus Paul Stastny in Canucks zone.
3:08 of 1st period - Pernell Karl Subban is hit by Chris Higgins and loses puck.
3:15 of 1st period - Slapshot by Chris Higgins.
3:15 of 1st period - Deflect By Matt Stajan.
3:15 of 1st period - Stopped by Hannu Toivonen with a rebound.
3:33 of 1st period - Snap shot by Maxim Lapierre.
3:33 of 1st period - Stopped by Hannu Toivonen with a rebound.
3:35 of 1st period - Minor Penalty to Andrei Kostitsyn for Tripping.
3:36 of 1st period - Mike Ribeiro wins face-off versus Andrew Ladd in Avalanche zone.
4:08 of 1st period - Chris Drury is hit by Nik Antropov and loses puck.
4:27 of 1st period - Jiri Hudler is hit by Andrew Ladd and loses puck.
4:38 of 1st period - Wrist shot by Mike Ribeiro.
4:38 of 1st period - Shot Misses the Net.
4:40 of 1st period - Slapshot by Jamie McBain.
4:40 of 1st period - Shot Blocked by Marc Staal.
4:42 of 1st period - Snap shot by Alex Goligoski.
4:42 of 1st period - Stopped by Hannu Toivonen with a rebound.
5:26 of 1st period - Alexander Radulov is hit by Nik Antropov and loses puck.
5:35 of 1st period - Penalty to Andrei Kostitsyn is over, Andrei Kostitsyn is back on ice.
5:41 of 1st period - Danny DeKeiser is hit by Andrei Kostitsyn and loses puck.
6:04 of 1st period - Slapshot by Chris Drury.
6:04 of 1st period - Stopped by Michal Neuvirth without a rebound.
6:05 of 1st period - Bryan Little wins face-off versus Nik Antropov in Canucks zone.
6:06 of 1st period - Snap shot by Mikkel Boedker.
6:06 of 1st period - Shot Hit the Post.
6:12 of 1st period - Johnny Boychuk is hit by Nik Antropov and loses puck.
6:34 of 1st period - Wrist shot by Brandon Yip.
6:34 of 1st period - Stopped by Michal Neuvirth without a rebound.
6:35 of 1st period - Paul Stastny wins face-off versus Clarke MacArthur in Canucks zone.
6:53 of 1st period - Brandon Yip is hit by Mike Ribeiro and loses puck.
7:18 of 1st period - Backhand shot by Mike Ribeiro.
7:18 of 1st period - Stopped by Hannu Toivonen with a rebound.
7:45 of 1st period - Icing by Andrei Kostitsyn.
7:46 of 1st period - Chris Higgins wins face-off versus Paul Stastny in Avalanche zone.
8:09 of 1st period - Snap shot by Paul Stastny.
8:09 of 1st period - Shot Misses the Net.
8:13 of 1st period - Wrist shot by Paul Stastny.
8:13 of 1st period - Deflect By Brandon Yip.
8:13 of 1st period - Stopped by Michal Neuvirth with a rebound.
8:15 of 1st period - Wrist shot by Brandon Yip.
8:15 of 1st period - Stopped by Michal Neuvirth with a rebound.
8:56 of 1st period - Snap shot by Martins Karsums.
8:56 of 1st period - Stopped by Hannu Toivonen with a rebound.
9:02 of 1st period - Snap shot by Martins Karsums.
9:02 of 1st period - Stopped by Hannu Toivonen with a rebound.
9:14 of 1st period - Snap shot by Ben Lovejoy.
9:14 of 1st period - Stopped by Hannu Toivonen with a rebound.
9:55 of 1st period - Snap shot by Brandon Yip.
9:55 of 1st period - Shot Misses the Net.
9:57 of 1st period - Backhand shot by Jay Bouwmeester.
9:57 of 1st period - Stopped by Michal Neuvirth without a rebound.
9:58 of 1st period - Mike Ribeiro wins face-off versus Bryan Little in Canucks zone.
10:07 of 1st period - Brad Boyes is hit by Mikkel Boedker.
11:04 of 1st period - Wrist shot by Corey Perry.
11:04 of 1st period - Stopped by Michal Neuvirth without a rebound.
11:05 of 1st period - Matt Stajan wins face-off versus Bryan Little in Canucks zone.
11:59 of 1st period - Chris Higgins is hit by Marc Staal and loses puck.
12:16 of 1st period - Icing by Stefan Ruzicka.
12:17 of 1st period - Chris Drury wins face-off versus Nik Antropov in Canucks zone.
12:24 of 1st period - Slapshot by Chris Drury.
12:24 of 1st period - Deflect By Alexander Radulov.
12:24 of 1st period - Stopped by Michal Neuvirth with a rebound.
12:26 of 1st period - Snap shot by Alexander Radulov.
12:26 of 1st period - Goal by Alexander Radulov - Canucks : 2 - Avalanche : 1.
12:27 of 1st period - Bryan Little wins face-off versus Mike Ribeiro in neutral zone.
12:42 of 1st period - Wrist shot by Ben Lovejoy.
12:42 of 1st period - Shot Blocked by Mark Giordano.
12:53 of 1st period - Minor Penalty to Jiri Hudler for Hooking.
12:54 of 1st period - Bryan Little wins face-off versus Mike Ribeiro in Canucks zone.
13:05 of 1st period - Snap shot by Bryan Little.
13:05 of 1st period - Shot Blocked by Ben Lovejoy.
14:53 of 1st period - Penalty to Jiri Hudler is over, Jiri Hudler is back on ice.
17:29 of 1st period - Mark Giordano is hit by Ryan Hollweg and loses puck.
17:38 of 1st period - Wrist shot by Maxim Lapierre.
17:38 of 1st period - Stopped by Hannu Toivonen with a rebound.
18:06 of 1st period - Wrist shot by Andrew Ladd.
18:06 of 1st period - Deflect By Chris Drury.
18:06 of 1st period - Shot Misses the Net.
18:06 of 1st period - Puck is out of play.
18:07 of 1st period - Mikkel Boedker wins face-off versus Nik Antropov in Canucks zone.
18:45 of 1st period - Pernell Karl Subban is hit by Alex Goligoski.
19:37 of 1st period - Ryan Hollweg is hit by Corey Perry and loses puck.
19:51 of 1st period - Wrist shot by Bryan Little.
19:51 of 1st period - Stopped by Michal Neuvirth without a rebound.
19:52 of 1st period - Brad Boyes wins face-off versus Chris Drury in Canucks zone.
Goals for this period are 2 for Canucks vs 1 for Avalanche.
Shots for this period are 10 for Canucks vs 11 for Avalanche.
2nd period
0:01 of 2nd period - Mike Ribeiro wins face-off versus Bryan Little in neutral zone.
0:26 of 2nd period - Ben Lovejoy is hit by Chris Drury and loses puck.
0:33 of 2nd period - Snap shot by Andrew Ladd.
0:33 of 2nd period - Stopped by Michal Neuvirth without a rebound.
0:34 of 2nd period - Chris Drury wins face-off versus Mike Ribeiro in Canucks zone.
1:09 of 2nd period - Jamie McBain is hit by Corey Perry and loses puck.
1:20 of 2nd period - Backhand shot by Ben Lovejoy.
1:20 of 2nd period - Shot Misses the Net.
1:59 of 2nd period - Ben Lovejoy is hit by Marc Staal and loses puck.
3:26 of 2nd period - Off-side.
3:27 of 2nd period - Bryan Little wins face-off versus Jiri Hudler in neutral zone.
3:32 of 2nd period - Backhand shot by Jack Johnson.
3:32 of 2nd period - Shot Blocked by Jiri Hudler.
3:34 of 2nd period - Slapshot by Bryan Little.
3:34 of 2nd period - Stopped by Michal Neuvirth with a rebound.
3:36 of 2nd period - Wrist shot by Marc Staal.
3:36 of 2nd period - Stopped by Michal Neuvirth without a rebound.
3:37 of 2nd period - Bryan Little wins face-off versus Matt Stajan in Canucks zone.
3:58 of 2nd period - Snap shot by Mikkel Boedker.
3:58 of 2nd period - Shot Misses the Net.
4:00 of 2nd period - Slapshot by Marc Staal.
4:00 of 2nd period - Deflect By Mikkel Boedker.
4:00 of 2nd period - Stopped by Michal Neuvirth without a rebound.
4:01 of 2nd period - Chris Drury wins face-off versus Maxim Lapierre in Canucks zone.
4:31 of 2nd period - Mark Giordano is hit by Sami Lepisto and loses puck.
4:50 of 2nd period - Snap shot by Nik Antropov.
4:50 of 2nd period - Deflect By Stefan Ruzicka.
4:50 of 2nd period - Stopped by Hannu Toivonen with a rebound.
4:52 of 2nd period - Wrist shot by Nik Antropov.
4:52 of 2nd period - Deflect By Stefan Ruzicka.
4:52 of 2nd period - Shot Misses the Net.
4:52 of 2nd period - Puck is out of play.
4:53 of 2nd period - Darren Helm wins face-off versus Bryan Little in Avalanche zone.
4:56 of 2nd period - Snap shot by Nik Antropov.
4:56 of 2nd period - Stopped by Hannu Toivonen with a rebound.
4:58 of 2nd period - Slapshot by Stefan Ruzicka.
4:58 of 2nd period - Stopped by Hannu Toivonen with a rebound.
5:10 of 2nd period - Snap shot by Nik Antropov.
5:10 of 2nd period - Stopped by Hannu Toivonen without a rebound.
5:11 of 2nd period - Chris Drury wins face-off versus Mike Ribeiro in Avalanche zone.
5:13 of 2nd period - Minor Penalty to Chris Drury for High sticking.
5:14 of 2nd period - Andrew Ladd wins face-off versus Mike Ribeiro in Avalanche zone.
6:55 of 2nd period - Brad Boyes is hit by Pernell Karl Subban and loses puck.
7:13 of 2nd period - Penalty to Chris Drury is over, Chris Drury is back on ice.
7:24 of 2nd period - Ben Lovejoy is hit by Bryan Little and loses puck.
7:53 of 2nd period - Jiri Hudler is hit by Andrew Ladd and loses puck.
8:04 of 2nd period - Marc Staal is hit by Sami Lepisto and loses puck.
8:17 of 2nd period - Brandon Yip is hit by Sami Lepisto.
8:21 of 2nd period - Maxim Lapierre is hit by Andrei Kostitsyn.
8:49 of 2nd period - Wrist shot by Corey Perry.
8:49 of 2nd period - Stopped by Michal Neuvirth without a rebound.
8:50 of 2nd period - Mike Ribeiro wins face-off versus Kyle Turris in Canucks zone.
9:21 of 2nd period - Slapshot by Andrew Ladd.
9:21 of 2nd period - Stopped by Michal Neuvirth without a rebound.
9:22 of 2nd period - Mike Ribeiro wins face-off versus Bryan Little in Canucks zone.
9:22 of 2nd period - Mike Ribeiro is hit by Bryan Little.
9:33 of 2nd period - Wrist shot by Bryan Little.
9:33 of 2nd period - Shot Misses the Net.
9:39 of 2nd period - Wrist shot by Bryan Little.
9:39 of 2nd period - Deflect By Corey Perry.
9:39 of 2nd period - Stopped by Michal Neuvirth without a rebound.
9:40 of 2nd period - Mike Ribeiro wins face-off versus Chris Drury in Canucks zone.
10:09 of 2nd period - Slapshot by Mikkel Boedker.
10:09 of 2nd period - Shot Blocked by Jamie McBain.
10:25 of 2nd period - Maxim Lapierre is hit by Kyle Turris and loses puck.
10:32 of 2nd period - Snap shot by Ryan Smyth.
10:32 of 2nd period - Stopped by Michal Neuvirth with a rebound.
10:38 of 2nd period - Slapshot by Pernell Karl Subban.
10:38 of 2nd period - Shot Hit the Post.
10:45 of 2nd period - Icing by Alex Goligoski.
10:46 of 2nd period - Paul Stastny wins face-off versus Mike Ribeiro in Canucks zone.
10:51 of 2nd period - Wrist shot by Paul Stastny.
10:51 of 2nd period - Stopped by Michal Neuvirth without a rebound.
10:52 of 2nd period - Paul Stastny wins face-off versus Clarke MacArthur in Canucks zone.
11:23 of 2nd period - Snap shot by Andrei Kostitsyn.
11:23 of 2nd period - Shot Misses the Net.
11:32 of 2nd period - Ben Lovejoy is hit by Paul Stastny and loses puck.
11:39 of 2nd period - Snap shot by Brad Boyes.
11:39 of 2nd period - Stopped by Hannu Toivonen with a rebound.
11:49 of 2nd period - Ben Lovejoy is hit by Andrei Kostitsyn and loses puck.
12:52 of 2nd period - Wrist shot by Mike Ribeiro.
12:52 of 2nd period - Stopped by Hannu Toivonen with a rebound.
12:54 of 2nd period - Slapshot by Jamie McBain.
12:54 of 2nd period - Deflect By Clarke MacArthur.
12:54 of 2nd period - Shot Misses the Net.
12:54 of 2nd period - Puck is out of play.
12:55 of 2nd period - Chris Drury wins face-off versus Matt Stajan in Avalanche zone.
13:03 of 2nd period - Off-side.
13:04 of 2nd period - Matt Stajan wins face-off versus Chris Drury in neutral zone.
13:23 of 2nd period - Slapshot by Jay Bouwmeester.
13:23 of 2nd period - Shot Hit the Post.
14:01 of 2nd period - Snap shot by Chris Drury.
14:01 of 2nd period - Stopped by Michal Neuvirth with a rebound.
14:03 of 2nd period - Slapshot by Jay Bouwmeester.
14:03 of 2nd period - Deflect By Andrew Ladd.
14:03 of 2nd period - Stopped by Michal Neuvirth without a rebound.
14:04 of 2nd period - Maxim Lapierre wins face-off versus Bryan Little in Canucks zone.
14:31 of 2nd period - Ryan Smyth is hit by Stefan Ruzicka and loses puck.
16:08 of 2nd period - Lasse Kukkonen is hit by Mark Giordano and loses puck.
16:58 of 2nd period - Icing by Corey Perry.
16:59 of 2nd period - Bryan Little wins face-off versus Martins Karsums in Avalanche zone.
18:20 of 2nd period - Snap shot by Clarke MacArthur.
18:20 of 2nd period - Stopped by Hannu Toivonen without a rebound.
18:21 of 2nd period - Bryan Little wins face-off versus Mike Ribeiro in Avalanche zone.
18:37 of 2nd period - Bryan Little is hit by Clarke MacArthur and loses puck.
19:37 of 2nd period - Slapshot by Mike Ribeiro.
19:37 of 2nd period - Shot Misses the Net.
19:39 of 2nd period - Slapshot by Danny DeKeiser.
19:39 of 2nd period - Stopped by Hannu Toivonen with a rebound.
Goals for this period are 0 for Canucks vs 0 for Avalanche.
Shots for this period are 8 for Canucks vs 11 for Avalanche.
3rd period
0:01 of 3rd period - Bryan Little wins face-off versus Mike Ribeiro in neutral zone.
0:04 of 3rd period - Mike Ribeiro is hit by Corey Perry.
0:16 of 3rd period - Wrist shot by Bryan Little.
0:16 of 3rd period - Stopped by Michal Neuvirth with a rebound.
0:28 of 3rd period - Icing by Andrew Ladd.
0:29 of 3rd period - Chris Drury wins face-off versus Matt Stajan in Avalanche zone.
0:38 of 3rd period - Ben Lovejoy is hit by Chris Drury and loses puck.
0:47 of 3rd period - Snap shot by Andrew Ladd.
0:47 of 3rd period - Shot Misses the Net.
0:49 of 3rd period - Wrist shot by Alexander Radulov.
0:49 of 3rd period - Shot Misses the Net.
0:51 of 3rd period - Slapshot by Pernell Karl Subban.
0:51 of 3rd period - Deflect By Jamie McBain.
0:51 of 3rd period - Stopped by Michal Neuvirth with a rebound.
0:53 of 3rd period - Wrist shot by Chris Drury.
0:53 of 3rd period - Stopped by Michal Neuvirth without a rebound.
0:54 of 3rd period - Mike Ribeiro wins face-off versus Bryan Little in Canucks zone.
0:54 of 3rd period - Mike Ribeiro is hit by Marc Staal.
1:02 of 3rd period - Wrist shot by Alex Goligoski.
1:02 of 3rd period - Stopped by Hannu Toivonen with a rebound.
1:08 of 3rd period - Snap shot by Brad Boyes.
1:08 of 3rd period - Stopped by Hannu Toivonen with a rebound.
1:56 of 3rd period - Icing by Jiri Hudler.
1:57 of 3rd period - Paul Stastny wins face-off versus Nik Antropov in Canucks zone.
2:02 of 3rd period - Wrist shot by Andrei Kostitsyn.
2:02 of 3rd period - Shot Misses the Net.
2:04 of 3rd period - Snap shot by Andrei Kostitsyn.
2:04 of 3rd period - Shot Blocked by Lasse Kukkonen.
2:06 of 3rd period - Wrist shot by Mark Giordano.
2:06 of 3rd period - Deflect By Brandon Yip.
2:06 of 3rd period - Shot Misses the Net.
2:06 of 3rd period - Puck is out of play.
2:07 of 3rd period - Mike Ribeiro wins face-off versus Bryan Little in Canucks zone.
2:13 of 3rd period - Icing by Mike Ribeiro.
2:14 of 3rd period - Bryan Little wins face-off versus Mike Ribeiro in Canucks zone.
2:15 of 3rd period - Snap shot by Mikkel Boedker.
2:15 of 3rd period - Stopped by Michal Neuvirth without a rebound.
2:16 of 3rd period - Bryan Little wins face-off versus Mike Ribeiro in Canucks zone.
2:17 of 3rd period - Snap shot by Mikkel Boedker.
2:17 of 3rd period - Shot Misses the Net.
2:19 of 3rd period - Snap shot by Bryan Little.
2:19 of 3rd period - Stopped by Michal Neuvirth with a rebound.
2:21 of 3rd period - Slapshot by Bryan Little.
2:21 of 3rd period - Stopped by Michal Neuvirth with a rebound.
2:23 of 3rd period - Wrist shot by Mikkel Boedker.
2:23 of 3rd period - Deflect By Corey Perry.
2:23 of 3rd period - Shot Blocked by Brad Boyes.
2:23 of 3rd period - Puck is out of play.
2:24 of 3rd period - Mike Ribeiro wins face-off versus Bryan Little in Canucks zone.
2:24 of 3rd period - Mike Ribeiro is hit by Bryan Little.
2:32 of 3rd period - Slapshot by Bryan Little.
2:32 of 3rd period - Shot Blocked by Ben Lovejoy.
3:01 of 3rd period - Jiri Hudler is hit by Andrew Ladd and loses puck.
4:01 of 3rd period - Wrist shot by Brad Boyes.
4:01 of 3rd period - Stopped by Hannu Toivonen with a rebound.
4:13 of 3rd period - Snap shot by Chris Higgins.
4:13 of 3rd period - Shot Misses the Net.
4:57 of 3rd period - Snap shot by Mike Ribeiro.
4:57 of 3rd period - Stopped by Hannu Toivonen with a rebound.
5:38 of 3rd period - Snap shot by Alexander Radulov.
5:38 of 3rd period - Shot Misses the Net.
5:52 of 3rd period - Nik Antropov is hit by Paul Stastny.
6:12 of 3rd period - Snap shot by Chris Higgins.
6:12 of 3rd period - Shot Misses the Net.
6:14 of 3rd period - Slapshot by Matt Stajan.
6:14 of 3rd period - Stopped by Hannu Toivonen without a rebound.
6:15 of 3rd period - Bryan Little wins face-off versus Matt Stajan in Avalanche zone.
7:29 of 3rd period - Wrist shot by Mikkel Boedker.
7:29 of 3rd period - Stopped by Michal Neuvirth without a rebound.
7:30 of 3rd period - Nik Antropov wins face-off versus Bryan Little in Canucks zone.
7:43 of 3rd period - Corey Perry is hit by Nik Antropov.
7:59 of 3rd period - Snap shot by Bryan Little.
7:59 of 3rd period - Shot Misses the Net.
8:01 of 3rd period - Snap shot by Corey Perry.
8:01 of 3rd period - Stopped by Michal Neuvirth with a rebound.
8:27 of 3rd period - Wrist shot by Corey Perry.
8:27 of 3rd period - Shot Blocked by Danny DeKeiser.
8:29 of 3rd period - Snap shot by Mikkel Boedker.
8:29 of 3rd period - Stopped by Michal Neuvirth with a rebound.
8:31 of 3rd period - Snap shot by Corey Perry.
8:31 of 3rd period - Shot Blocked by Danny DeKeiser.
8:33 of 3rd period - Snap shot by Mikkel Boedker.
8:33 of 3rd period - Shot Blocked by Sami Lepisto.
8:35 of 3rd period - Snap shot by Bryan Little.
8:35 of 3rd period - Stopped by Michal Neuvirth without a rebound.
8:36 of 3rd period - Chris Drury wins face-off versus Mike Ribeiro in Canucks zone.
8:39 of 3rd period - Wrist shot by Alexander Radulov.
8:39 of 3rd period - Stopped by Michal Neuvirth without a rebound.
8:40 of 3rd period - Chris Drury wins face-off versus Clarke MacArthur in Canucks zone.
9:16 of 3rd period - Marc Staal is hit by Jiri Hudler and loses puck.
9:37 of 3rd period - Snap shot by Maxim Lapierre.
9:37 of 3rd period - Shot Blocked by Johnny Boychuk.
10:06 of 3rd period - Snap shot by Ben Lovejoy.
10:06 of 3rd period - Shot Blocked by Jay Bouwmeester.
10:42 of 3rd period - Ben Lovejoy is hit by Brandon Yip and loses puck.
10:49 of 3rd period - Slapshot by Brandon Yip.
10:49 of 3rd period - Shot Blocked by Jamie McBain.
10:51 of 3rd period - Wrist shot by Brandon Yip.
10:51 of 3rd period - Stopped by Michal Neuvirth with a rebound.
10:53 of 3rd period - Snap shot by Jay Bouwmeester.
10:53 of 3rd period - Stopped by Michal Neuvirth with a rebound.
10:55 of 3rd period - Slapshot by Paul Stastny.
10:55 of 3rd period - Deflect By Andrei Kostitsyn.
10:55 of 3rd period - Goal by Andrei Kostitsyn - Canucks : 2 - Avalanche : 2.
10:56 of 3rd period - Mike Ribeiro wins face-off versus Bryan Little in neutral zone.
10:59 of 3rd period - Snap shot by Brad Boyes.
10:59 of 3rd period - Stopped by Hannu Toivonen with a rebound.
11:01 of 3rd period - Slapshot by Lasse Kukkonen.
11:01 of 3rd period - Stopped by Hannu Toivonen with a rebound.
11:07 of 3rd period - Slapshot by Clarke MacArthur.
11:07 of 3rd period - Stopped by Hannu Toivonen without a rebound.
11:08 of 3rd period - Mike Ribeiro wins face-off versus Bryan Little in Avalanche zone.
11:11 of 3rd period - Snap shot by Alex Goligoski.
11:11 of 3rd period - Shot Misses the Net.
11:18 of 3rd period - Minor Penalty to Alex Goligoski for Tripping.
11:19 of 3rd period - Bryan Little wins face-off versus Mike Ribeiro in Canucks zone.
11:23 of 3rd period - Slapshot by Mikkel Boedker.
11:23 of 3rd period - Stopped by Michal Neuvirth without a rebound.
11:24 of 3rd period - Mike Ribeiro wins face-off versus Bryan Little in Canucks zone.
11:34 of 3rd period - Off-side.
11:35 of 3rd period - Bryan Little wins face-off versus Mike Ribeiro in neutral zone.
11:37 of 3rd period - Off-side.
11:38 of 3rd period - Bryan Little wins face-off versus Mike Ribeiro in neutral zone.
11:55 of 3rd period - Wrist shot by Corey Perry.
11:55 of 3rd period - Stopped by Michal Neuvirth without a rebound.
11:56 of 3rd period - Paul Stastny wins face-off versus Mike Ribeiro in Canucks zone.
12:30 of 3rd period - Slapshot by Jack Johnson.
12:30 of 3rd period - Stopped by Michal Neuvirth with a rebound.
12:32 of 3rd period - Snap shot by Bryan Little.
12:32 of 3rd period - Shot Misses the Net.
13:00 of 3rd period - Danny DeKeiser is hit by Bryan Little and loses puck.
13:18 of 3rd period - Penalty to Alex Goligoski is over, Alex Goligoski is back on ice.
13:29 of 3rd period - Snap shot by Jiri Hudler.
13:29 of 3rd period - Shot Misses the Net.
13:31 of 3rd period - Slapshot by Sami Lepisto.
13:31 of 3rd period - Shot Misses the Net.
13:33 of 3rd period - Wrist shot by Matt Stajan.
13:33 of 3rd period - Stopped by Hannu Toivonen without a rebound.
13:34 of 3rd period - Maxim Lapierre wins face-off versus Chris Drury in Avalanche zone.
13:34 of 3rd period - Maxim Lapierre is hit by Johnny Boychuk.
13:36 of 3rd period - Slapshot by Jamie McBain.
13:36 of 3rd period - Shot Misses the Net.
13:48 of 3rd period - Slapshot by Johnny Boychuk.
13:48 of 3rd period - Shot Blocked by Ben Lovejoy.
13:58 of 3rd period - Andrei Kostitsyn is hit by Ben Lovejoy.
14:17 of 3rd period - Off-side.
14:18 of 3rd period - Mike Ribeiro wins face-off versus Bryan Little in neutral zone.
14:23 of 3rd period - Wrist shot by Clarke MacArthur.
14:23 of 3rd period - Deflect By Brad Boyes.
14:23 of 3rd period - Stopped by Hannu Toivonen with a rebound.
14:25 of 3rd period - Slapshot by Lasse Kukkonen.
14:25 of 3rd period - Shot Misses the Net.
14:27 of 3rd period - Snap shot by Lasse Kukkonen.
14:27 of 3rd period - Shot Blocked by Pernell Karl Subban.
14:29 of 3rd period - Wrist shot by Clarke MacArthur.
14:29 of 3rd period - Shot Misses the Net.
14:31 of 3rd period - Slapshot by Alex Goligoski.
14:31 of 3rd period - Stopped by Hannu Toivonen without a rebound.
14:32 of 3rd period - Mike Ribeiro wins face-off versus Chris Drury in Avalanche zone.
14:35 of 3rd period - Wrist shot by Brad Boyes.
14:35 of 3rd period - Goal by Brad Boyes - Canucks : 3 - Avalanche : 2.
14:36 of 3rd period - Bryan Little wins face-off versus Mike Ribeiro in neutral zone.
15:12 of 3rd period - Snap shot by Matt Stajan.
15:12 of 3rd period - Shot Misses the Net.
16:06 of 3rd period - Johnny Boychuk is hit by Chris Higgins and loses puck.
16:17 of 3rd period - Stefan Ruzicka is hit by Corey Perry and loses puck.
16:30 of 3rd period - Slapshot by Johnny Boychuk.
16:30 of 3rd period - Stopped by Michal Neuvirth without a rebound.
16:31 of 3rd period - Mike Ribeiro wins face-off versus Chris Drury in Canucks zone.
17:51 of 3rd period - Wrist shot by Clarke MacArthur.
17:51 of 3rd period - Stopped by Hannu Toivonen without a rebound.
17:52 of 3rd period - Chris Drury wins face-off versus Matt Stajan in Avalanche zone.
18:22 of 3rd period - Icing by Johnny Boychuk.
18:23 of 3rd period - Matt Stajan wins face-off versus Bryan Little in Avalanche zone.
18:36 of 3rd period - Snap shot by Alexander Radulov.
18:36 of 3rd period - Shot Misses the Net.
19:02 of 3rd period - Avalanche, Hannu Toivonen is pulled from the net.
19:16 of 3rd period - Snap shot by Brad Boyes.
19:16 of 3rd period - Goal by Brad Boyes - Canucks : 4 - Avalanche : 2.
19:16 of 3rd period - Hannu Toivonen from Avalanche was sent back in the game.
19:17 of 3rd period - Mike Ribeiro wins face-off versus Alexander Radulov in neutral zone.
19:20 of 3rd period - Marc Staal is hit by Clarke MacArthur and loses puck.
19:33 of 3rd period - Wrist shot by Andrew Ladd.
19:33 of 3rd period - Goal by Andrew Ladd - Canucks : 4 - Avalanche : 3.
19:34 of 3rd period - Bryan Little wins face-off versus Mike Ribeiro in neutral zone.
19:41 of 3rd period - Avalanche, Hannu Toivonen is pulled from the net.
Goals for this period are 2 for Canucks vs 2 for Avalanche.
Shots for this period are 14 for Canucks vs 19 for Avalanche.
Back to the Top